 Dungeon Crawl Stone Soup version 0.30.0 (webtiles) character file.

Game seed: 2842335224957321358

35 malesh the Vexing (level 3, 0/26 HPs)
             Began as a Barachi Hexslinger on May 10, 2023.
             Succumbed to an adder's poison
             ... on level 2 of the Dungeon.
             The game lasted 00:04:01 (995 turns).

malesh the Vexing (Barachi Hexslinger)               Turns: 995, Time: 00:04:02

Health: 0/26       AC:  2    Str: 11    XL:     3   Next: 35%
Magic:  4/4        EV: 12    Int: 13    God:
Gold:   109        SH:  0    Dex: 14    Spells: 3/4 levels left

rFire   . . .        a - +1 sling
rCold   . . .        (no shield)
rNeg    . . .        c - +0 robe
rPois   .            (no helmet)
rElec   .            (no cloak)
rCorr   .            (no gloves)
SInv    .            (no boots)
Will    .....        (no amulet)
Stlth   +            (no ring)
HPRegen 0.24/turn    (no ring)
MPRegen 0.09/turn

%: no passive effects
@: lethally poisoned (0 -> -2), on berserk cooldown, slowed, very slow
A: amphibious, slowness 1, strong legs 1, +LOS
a: Hop


You were on level 2 of the Dungeon.
You visited 1 branch of the dungeon, and saw 2 of its levels.

You collected 109 gold pieces.

Inventory:

Hand Weapons
 a - a +1 sling (weapon)
Armour
 c - a +0 robe (worn)
Scrolls
 b - 2 scrolls of poison
 d - a scroll of enchant armour {unknown}
 e - a scroll of fog
 i - a scroll of teleportation {unknown}
Potions
 g - a potion of might {unknown}
 h - a potion of degeneration {unknown}


   Skills:
 + Level 1.3 Fighting
 + Level 2.8 Ranged Weapons
 + Level 2.4 Dodging
 + Level 1.1 Spellcasting
 + Level 4.0 Hexes


You had 3 spell levels left.
You knew the following spells:

 Your Spells              Type           Power      Damage    Failure   Level
a - Slow                  Hex            44%        N/A       5%          1

Your spell library contained the following spells:

 Spells                   Type           Power      Damage    Failure   Level
 Inner Flame              Hex/Fire       5%         N/A       36%         3
 Portal Projectile        Hex/Tloc       10%        N/A       36%         3
 Call Canine Familiar     Summ           0%         N/A       63%         3
 Cause Fear               Hex            5%         N/A       47%         4
 Leda's Liquefaction      Hex/Erth       2%         N/A       77%         4


Dungeon Overview and Level Annotations

Branches:
Dungeon (2/15)

Altars:


Innate Abilities, Weirdness & Mutations

You are amphibious.
You cover ground slowly.
You can hop short distances.
You have an extended range of vision and can be seen from far away.


Message History

You are more poisoned.
The adder poisons you!
You shoot a sling bullet.
The sling bullet closely misses the adder.
You feel sick. The adder bites you. The adder barely misses you.
Fire: a) +1 sling
Press: ? - help, Shift-Dir - straight line, f/p - adder
Aim: an adder (almost dead, 38% to hit)
You shoot a sling bullet.
The sling bullet closely misses the adder.
You feel sick. The adder bites you.
* * * LOW HITPOINT WARNING * * *
You are lethally poisoned!
The adder poisons you! The adder completely misses you.
Fire: a) +1 sling
Press: ? - help, Shift-Dir - straight line, f/p - adder
Aim: an adder (almost dead, 38% to hit)
You shoot a sling bullet. The sling bullet hits the adder.
You kill the adder!
* * * LOW HITPOINT WARNING * * *
You feel sick.
Your Hexes skill increases to level 4!
It was a potion of berserk rage.
A red film seems to cover your vision as you go berserk!
You feel yourself moving faster!
You feel mighty!
* * * LOW HITPOINT WARNING * * *
You feel sick.
You are too berserk!
There is a lethal amount of poison in your body!
You feel a strong urge to attack something.
* * * LOW HITPOINT WARNING * * *
You feel sick.
You feel your anger nearly subside.
* * * LOW HITPOINT WARNING * * *
You feel sick.
There is a lethal amount of poison in your body!
You are no longer berserk.
You are exhausted.
You feel yourself slow down.
You die...

##...........)...#####..
########..###..........
##.###........#.
#..##.#........
########.#...†.......
.........†..#.####..#
########...##.#
###..†#..# #@......##
#.†####.## ....## ...
##... ###.. #... ## #...
.... #..## ...


There were no monsters in sight!

Vanquished Creatures
  An adder (D:2)
  6 endoplasms (D:1)
  2 giant cockroaches (D:1)
  3 goblins
  5 hobgoblins
  A quokka (D:2)
  A bat (D:2)
  A frilled lizard (D:1)
  A rat (D:2)
21 creatures vanquished.

Notes
Turn   | Place    | Note
-------+----------+-------------------------------------------
     0 | D:1      | malesh the Barachi Hexslinger began the quest for the Orb.
     0 | D:1      | Reached XP level 1. HP: 15/15 MP: 2/2
   130 | D:1      | Reached XP level 2. HP: 21/21 MP: 3/3
   918 | D:2      | Reached XP level 3. HP: 26/26 MP: 4/4
   991 | D:2      | Reached skill level 4 in Hexes
   995 | D:2      | Succumbed to an adder's poison

Illustrated notes

Levels and vault maps discovered:
D:1:      lightli_molten_gateway, layout_basic, minivault_4
D:2:      layout_rooms, dreamdust_ecumenical_altar_hidden_monk_grotto,
          dreamdust_princess_bridge, kennysheep_doodads

Skill      XL: |  1  2  3 |
---------------+----------+-----
Hexes          | 4 |  4.0
Fighting       | |  1.3
Ranged Weapons | |  2.8
Dodging        | |  2.4
Spellcasting   | |  1.1

Action                     || total
---------------------------++-------
   Fire: Sling             ||    79
   Cast: Slow              ||     6
    Use: Scroll            ||     2
         Potion            ||     1
 Armour: Robe              ||     6
  Dodge: Dodged            ||    17
